| TOP OF THE 1ST |
|
Covington Blue Sox batting - Pitching for Bluefield Grays : RHP Bret Saberhagen
|
|
Pitching: RHP Bret Saberhagen
|
|
|
Batting: RHB Douglas Palmer
|
0-0: Ball 1-0: Foul Ball, location: 2F 1-1: Called Strike 1-2: SINGLE (Line Drive, 6MD, EV 105.0 MPH)
|
|
Batting: RHB John Halasz
|
0-0: Ball 1-0: Called Strike Douglas Palmer steals 2nd base 1-1: Foul Ball, location: 2F 1-2: Ball 2-2: Foul Ball, location: 2F 2-2: Ball 3-2: Foul Ball, location: 2F 3-2: Base on Balls
|
|
Batting: LHB Tito Nanni
|
0-0: Ball 1-0: Ball 2-0: Ball 3-0: Base on Balls Douglas Palmer to third John Halasz to second
|
|
Batting: RHB Francisco Batista
|
0-0: Called Strike 0-1: Ball 1-1: SINGLE (Groundball, 6MD, EV 95.0 MPH) Douglas Palmer scores John Halasz to third Tito Nanni to second Runner from 3rd tries for Home, SAFE, throw by CF to home
|
|
Batting: RHB Reginald Dewar
|
0-0: Ball Tito Nanni steals 3rd base Francisco Batista to second 1-0: Foul Ball, location: 2F 1-1: Foul Ball, location: 2F 1-2: Foul Ball, location: 2F 1-2: SINGLE (Groundball, 3D, EV 104.4 MPH) Tito Nanni scores Francisco Batista to third Runner from 3rd tries for Home, SAFE, throw by RF to home
|
|
Batting: RHB Joseph Tarver
|
0-0: Ball 1-0: Swinging Strike 1-1: Foul Ball, location: 2F 1-2: SINGLE (Line Drive, 3L, EV 98.1 MPH) Reginald Dewar to second Runner from 2nd tries for 3rd, SAFE, no throw by RF
|
|
Batting: RHB Bill White
|
0-0: Called Strike 0-1: Ball 1-1: Ground out 6-3 (Groundball, P, EV 87.5 MPH) Reginald Dewar scores Joseph Tarver to second
|
|
Batting: RHB Kenneth Bodle
|
0-0: Ground out 3-1 (Groundball, 34S, EV 82.5 MPH) Joseph Tarver to third
|
|
Batting: RHB Ronn Reynolds
|
0-0: Ball 1-0: SINGLE (Groundball, 56D, EV 95.0 MPH) Joseph Tarver scores
|
|
Pitching: RHP Tim Criswell
|
|
|
Batting: RHB Douglas Palmer
|
0-0: Ball 1-0: Foul Ball, location: 2F 1-1: Ball 2-1: Ball 3-1: Foul Ball, location: 2F 3-2: Fly out, F8 (Line Drive, 8RD, EV 103.1 MPH)
|
| Top of the 1st over - 6 runs, 5 hits, 0 errors, 1 left on base; Covington 6 - Bluefield 0 |
| BOTTOM OF THE 1ST |
|
Bluefield Grays batting - Pitching for Covington Blue Sox : RHP Javier Landeros
|
|
Pitching: RHP Javier Landeros
|
|
|
Batting: RHB Felix Fermin
|
0-0: Called Strike 0-1: DOUBLE (Line Drive, 7LM, EV 92.5 MPH)
|
|
Batting: RHB Sam Haley
|
0-0: Called Strike 0-1: Swinging Strike 0-2: Strikes out looking
|
|
Batting: RHB Charlie Hayes
|
0-0: Called Strike 0-1: Foul Ball, location: 2F 0-2: Ball 1-2: Ball 2-2: DOUBLE (Line Drive, 9LS, EV 96.9 MPH) Felix Fermin scores
|
|
Batting: RHB Richard Diaz
|
0-0: Ball 1-0: Foul Ball, location: 2F 1-1: Ball 2-1: Foul Ball, location: 2F 2-2: Ground out 5-3 (Groundball, 56S, EV 79.4 MPH)
|
|
Batting: SHB Chris Maloney
|
0-0: Swinging Strike 0-1: Swinging Strike 0-2: Strikes out swinging
|
| Bottom of the 1st over - 1 run, 2 hits, 0 errors, 1 left on base; Covington 6 - Bluefield 1 |
| TOP OF THE 2ND |
|
Covington Blue Sox batting - Pitching for Bluefield Grays : RHP Tim Criswell
|
|
Batting: RHB John Halasz
|
0-0: Ball 1-0: Called Strike 1-1: Foul Ball, location: 2F 1-2: Foul Ball, location: 2F 1-2: Strikes out swinging
|
|
Batting: LHB Tito Nanni
|
0-0: Foul Ball, location: 2F 0-1: Foul Ball, location: 2F 0-2: Ball 1-2: Strikes out looking
|
|
Batting: RHB Francisco Batista
|
0-0: Ball 1-0: Called Strike 1-1: Swinging Strike 1-2: Ground out 1-3 (Groundball, 13, EV 71.3 MPH)
|
| Top of the 2nd over - 0 runs, 0 hits, 0 errors, 0 left on base; Covington 6 - Bluefield 1 |
| BOTTOM OF THE 2ND |
|
Bluefield Grays batting - Pitching for Covington Blue Sox : RHP Javier Landeros
|
|
Batting: RHB Brad Colton
|
0-0: Fly out, F2 (Popup, 13S, EV 88.8 MPH)
|
|
Batting: RHB Steven Wolff
|
0-0: Called Strike 0-1: Ground out 4-3 (Groundball, 34, EV 105.6 MPH)
|
|
Batting: RHB Eduardo Sanchez
|
0-0: Ball 1-0: Ball 2-0: Ball 3-0: Base on Balls
|
|
Batting: RHB James Eurton
|
0-0: Ball 1-0: SINGLE (Groundball, 4MD, EV 103.1 MPH) Eduardo Sanchez to second
|
|
Batting: RHB Felix Fermin
|
0-0: Called Strike 0-1: Ground out 1-3 (Groundball, 15S, EV 65.0 MPH)
|
| Bottom of the 2nd over - 0 runs, 1 hit, 0 errors, 2 left on base; Covington 6 - Bluefield 1 |
| TOP OF THE 3RD |
|
Covington Blue Sox batting - Pitching for Bluefield Grays : RHP Tim Criswell
|
|
Batting: RHB Reginald Dewar
|
0-0: Fly out, F7 (Flyball, 78D, EV 93.8 MPH)
|
|
Batting: RHB Joseph Tarver
|
0-0: Called Strike 0-1: Foul Ball, location: 2F 0-2: Ball 1-2: SOLO HOME RUN (Flyball, 78XD, EV 109.4 MPH), Distance : 415 ft
|
|
Batting: RHB Bill White
|
0-0: Called Strike 0-1: Ball 1-1: Called Strike 1-2: Ball 2-2: Foul Ball, location: 2F 2-2: Strikes out swinging
|
|
Batting: RHB Kenneth Bodle
|
0-0: Ball 1-0: Foul Ball, location: 2F 1-1: Fly out, F6 (Flyball, 56D, EV 81.9 MPH)
|
| Top of the 3rd over - 1 run, 1 hit, 0 errors, 0 left on base; Covington 7 - Bluefield 1 |
| BOTTOM OF THE 3RD |
|
Bluefield Grays batting - Pitching for Covington Blue Sox : RHP Javier Landeros
|
|
Batting: RHB Sam Haley
|
0-0: Fly out, F9 (Line Drive, 9, EV 95.0 MPH)
|
|
Batting: RHB Charlie Hayes
|
0-0: Called Strike 0-1: Ball 1-1: Called Strike 1-2: Foul Ball, location: 2F 1-2: Ball 2-2: Fly out, F9 (Flyball, 89D, EV 103.8 MPH)
|
|
Batting: RHB Richard Diaz
|
0-0: Foul Ball, location: 2F 0-1: Ball 1-1: Fly out, F9 (Flyball, 9LM, EV 86.3 MPH)
|
| Bottom of the 3rd over - 0 runs, 0 hits, 0 errors, 0 left on base; Covington 7 - Bluefield 1 |
| TOP OF THE 4TH |
|
Covington Blue Sox batting - Pitching for Bluefield Grays : RHP Tim Criswell
|
|
Batting: RHB Ronn Reynolds
|
0-0: Ball 1-0: Swinging Strike 1-1: Ball 2-1: Ball 3-1: Base on Balls
|
|
Batting: RHB Douglas Palmer
|
0-0: Ball 1-0: Called Strike 1-1: Fly out, F8 (Line Drive, 8LD, EV 96.3 MPH)
|
|
Batting: RHB John Halasz
|
0-0: SINGLE (Groundball, 3D, EV 94.4 MPH) Ronn Reynolds to second Runner from 2nd tries for 3rd, SAFE, no throw by RF
|
|
Batting: LHB Tito Nanni
|
0-0: Ball 1-0: Fly out, F8 (Flyball, 78D, EV 103.8 MPH) Runner from 3rd tags up, SCORES, throw by CF
|
|
Batting: RHB Francisco Batista
|
0-0: Ball 1-0: Called Strike Pickoff Throw to First - Error! E1 John Halasz to second 1-1: Called Strike 1-2: Foul Ball, location: 2F 1-2: Strikes out looking
|
| Top of the 4th over - 1 run, 1 hit, 1 error, 1 left on base; Covington 8 - Bluefield 1 |
| BOTTOM OF THE 4TH |
|
Bluefield Grays batting - Pitching for Covington Blue Sox : RHP Javier Landeros
|
|
Batting: SHB Chris Maloney
|
0-0: SINGLE (Line Drive, 56, EV 103.8 MPH)
|
|
Batting: RHB Brad Colton
|
0-0: Ball 1-0: Foul Ball, location: 2F 1-1: Ball 2-1: Fielders Choice at 2nd, 6-4 (Groundball, 6, EV 100.0 MPH)
|
|
Batting: RHB Steven Wolff
|
0-0: Ball 1-0: Called Strike 1-1: Ball 2-1: Ball 3-1: Base on Balls Brad Colton to second
|
|
Batting: RHB Eduardo Sanchez
|
0-0: Swinging Strike 0-1: Foul Ball, location: 2F 0-2: SINGLE (Line Drive, 4MD, EV 101.9 MPH) Brad Colton to third Steven Wolff to second Runner from 3rd tries for Home, SAFE, throw by CF to home
|
|
Batting: RHB James Eurton
|
0-0: Foul Ball, location: 2F 0-1: SINGLE (Groundball, 56D, EV 104.4 MPH) Steven Wolff to third Eduardo Sanchez to second Runner from 3rd tries for Home, SAFE, throw by LF to home
|
|
Batting: RHB Felix Fermin
|
0-0: Called Strike Eduardo Sanchez is caught stealing 3rd base 2-5 0-1: DOUBLE (Groundball, 5L, EV 103.8 MPH) James Eurton to third Runner from 3rd tries for Home, SAFE, no throw by LF
|
|
Batting: RHB Sam Haley
|
0-0: Ball 1-0: Swinging Strike 1-1: Ball 2-1: SINGLE (Groundball, 56S, EV 94.4 MPH) Felix Fermin to third Runner from 3rd tries for Home, SAFE, throw by LF to home
|
|
Pitching: RHP Leo Lopez
|
|
|
Batting: RHB Charlie Hayes
|
0-0: Ball 1-0: Called Strike 1-1: Ball 2-1: Foul Ball, location: 2F 2-2: Foul Ball, location: 2F 2-2: Strikes out swinging
|
| Bottom of the 4th over - 4 runs, 5 hits, 0 errors, 1 left on base; Covington 8 - Bluefield 5 |
| TOP OF THE 5TH |
|
Covington Blue Sox batting - Pitching for Bluefield Grays : RHP Tim Criswell
|
|
Batting: RHB Reginald Dewar
|
0-0: TRIPLE (Flyball, 9D, EV 92.5 MPH)
|
|
Batting: RHB Joseph Tarver
|
0-0: Ball 1-0: Ball 2-0: 2-RUN HOME RUN (Flyball, 78XD, EV 108.1 MPH), Distance : 415 ft
|
|
Pitching: RHP Gary Wex
|
|
|
Batting: RHB Bill White
|
0-0: Ball 1-0: TRIPLE (Flyball, 78XD, EV 100.0 MPH)
|
|
Batting: RHB Kenneth Bodle
|
0-0: Called Strike 0-1: Ball 1-1: Swinging Strike 1-2: Ball 2-2: Strikes out swinging
|
|
Batting: RHB Ronn Reynolds
|
0-0: Swinging Strike 0-1: Ball 1-1: Swinging Strike 1-2: Foul Ball, location: 2F 1-2: Strikes out swinging
|
|
Batting: RHB Douglas Palmer
|
0-0: Called Strike 0-1: Ball 1-1: Ball 2-1: Ball 3-1: Called Strike 3-2: Strikes out swinging
|
| Top of the 5th over - 2 runs, 3 hits, 0 errors, 1 left on base; Covington 10 - Bluefield 5 |
| BOTTOM OF THE 5TH |
|
Bluefield Grays batting - Pitching for Covington Blue Sox : RHP Leo Lopez
|
|
Batting: RHB Richard Diaz
|
0-0: Fly out, F8 (Flyball, 8RM, EV 84.4 MPH)
|
|
Batting: SHB Chris Maloney
|
0-0: Ball 1-0: Ball 2-0: Ball 3-0: Called Strike 3-1: Base on Balls
|
|
Batting: RHB Brad Colton
|
0-0: Fielders Choice at 2nd, 6-4 (Groundball, 6, EV 88.8 MPH)
|
|
Batting: RHB Steven Wolff
|
0-0: Called Strike 0-1: Ball 1-1: Ground out 5-3 (Groundball, 56, EV 104.4 MPH)
|
| Bottom of the 5th over - 0 runs, 0 hits, 0 errors, 1 left on base; Covington 10 - Bluefield 5 |
| TOP OF THE 6TH |
|
Covington Blue Sox batting - Pitching for Bluefield Grays : RHP Gary Wex
|
|
Batting: RHB John Halasz
|
0-0: Ball 1-0: Foul Ball, location: 2F 1-1: Ball 2-1: Ball 3-1: Foul Ball, location: 2F 3-2: SINGLE (Flyball, 78S, EV 96.9 MPH)
|
|
Batting: LHB Tito Nanni
|
0-0: Fly out, F7 (Line Drive, 7D, EV 103.1 MPH)
|
|
Batting: RHB Francisco Batista
|
0-0: Called Strike John Halasz steals 2nd base 0-1: Ball 1-1: Fly out, F8 (Flyball, 8LM, EV 78.1 MPH)
|
|
Batting: RHB Reginald Dewar
|
0-0: Foul Ball, location: 2F 0-1: Called Strike 0-2: Foul Ball, location: 2F 0-2: Ball 1-2: Fly out, F6 (Popup, 6S, EV 76.9 MPH)
|
| Top of the 6th over - 0 runs, 1 hit, 0 errors, 1 left on base; Covington 10 - Bluefield 5 |
| BOTTOM OF THE 6TH |
|
Bluefield Grays batting - Pitching for Covington Blue Sox : RHP Leo Lopez
|
|
Batting: RHB Eduardo Sanchez
|
0-0: Swinging Strike 0-1: Ball 1-1: Ball 2-1: Foul Ball, location: 2F 2-2: Fly out, F8 (Flyball, 8LM, EV 93.1 MPH)
|
|
Batting: RHB James Eurton
|
0-0: Ball 1-0: Swinging Strike 1-1: Ball 2-1: Foul Ball, location: 2F 2-2: SOLO HOME RUN (Flyball, 7D, EV 101.9 MPH), Distance : 396 ft
|
|
Batting: RHB Felix Fermin
|
0-0: Ball 1-0: SINGLE (Groundball, 6MD, EV 101.9 MPH)
|
|
Batting: RHB Sam Haley
|
0-0: Ball 1-0: Called Strike 1-1: Swinging Strike 1-2: Ball 2-2: Ball 3-2: Strikes out swinging
|
|
Batting: RHB Charlie Hayes
|
0-0: Ball 1-0: Called Strike 1-1: Called Strike 1-2: Ground out 4-3 (Groundball, 4, EV 89.4 MPH)
|
| Bottom of the 6th over - 1 run, 2 hits, 0 errors, 1 left on base; Covington 10 - Bluefield 6 |
| TOP OF THE 7TH |
|
Covington Blue Sox batting - Pitching for Bluefield Grays : RHP Gary Wex
|
|
Pitching: RHP Salvador Santiago
|
|
|
Batting: RHB Joseph Tarver
|
0-0: Ball 1-0: Swinging Strike 1-1: Ball 2-1: Ball 3-1: Foul Ball, location: 2F 3-2: Base on Balls
|
|
Batting: RHB Bill White
|
0-0: Ball 1-0: Called Strike 1-1: Ball 2-1: Called Strike 2-2: SINGLE (Line Drive, 9LM, EV 107.5 MPH) Joseph Tarver to second
|
|
Batting: RHB Kenneth Bodle
|
0-0: Foul Ball, location: 2F 0-1: Ball 1-1: Foul Ball, location: 2F 1-2: Grounds into double play, 5-4-3 (Groundball, 56S, EV 81.9 MPH) Joseph Tarver to third
|
|
Batting: RHB Ronn Reynolds
|
0-0: Ground out 5-3 (Groundball, 5S, EV 76.9 MPH)
|
| Top of the 7th over - 0 runs, 1 hit, 0 errors, 1 left on base; Covington 10 - Bluefield 6 |
| BOTTOM OF THE 7TH |
|
Bluefield Grays batting - Pitching for Covington Blue Sox : RHP Leo Lopez
|
|
Batting: RHB Richard Diaz
|
0-0: Called Strike 0-1: Ball 1-1: Ball 2-1: Called Strike 2-2: Strikes out looking
|
|
Batting: SHB Chris Maloney
|
0-0: Foul Ball, location: 2F 0-1: Ground out U3 (Groundball, 3S, EV 92.5 MPH)
|
|
Batting: RHB Brad Colton
|
0-0: Reached on error, E5 (Groundball, 56, EV 102.5 MPH)
|
|
Batting: RHB Steven Wolff
|
0-0: Ball 1-0: Ball 2-0: Ball 3-0: Called Strike 3-1: Ground out 5-3 (Groundball, 56S, EV 64.4 MPH)
|
| Bottom of the 7th over - 0 runs, 0 hits, 1 error, 1 left on base; Covington 10 - Bluefield 6 |
| TOP OF THE 8TH |
|
Covington Blue Sox batting - Pitching for Bluefield Grays : RHP Salvador Santiago
|
|
Batting: RHB Douglas Palmer
|
0-0: Foul Ball, location: 2F 0-1: Ball 1-1: Fly out, F8 (Flyball, 8RS, EV 83.8 MPH)
|
|
Batting: RHB John Halasz
|
0-0: Ball 1-0: Ground out 4-3 (Groundball, 4, EV 109.4 MPH)
|
|
Batting: LHB Tito Nanni
|
0-0: Called Strike 0-1: Ball 1-1: Foul Ball, location: 2F 1-2: SINGLE (Groundball, 3S, EV 66.9 MPH) (infield hit)
|
|
Batting: RHB Francisco Batista
|
0-0: Ball 1-0: Called Strike Tito Nanni is caught stealing 2nd base 2-4
|
| Top of the 8th over - 0 runs, 1 hit, 0 errors, 0 left on base; Covington 10 - Bluefield 6 |
| BOTTOM OF THE 8TH |
|
Bluefield Grays batting - Pitching for Covington Blue Sox : RHP Leo Lopez
|
|
Batting: RHB Eduardo Sanchez
|
0-0: Ball 1-0: Foul Ball, location: 2F 1-1: Called Strike 1-2: Strikes out swinging
|
|
Batting: RHB James Eurton
|
0-0: Ball 1-0: Ball 2-0: Fly out, F8 (Flyball, 8RD, EV 100.6 MPH)
|
|
Batting: RHB Felix Fermin
|
0-0: Swinging Strike 0-1: Ball 1-1: Foul Ball, location: 2F 1-2: Ball 2-2: Fly out, F9 (Flyball, 9LD, EV 101.3 MPH)
|
| Bottom of the 8th over - 0 runs, 0 hits, 0 errors, 0 left on base; Covington 10 - Bluefield 6 |
| TOP OF THE 9TH |
|
Covington Blue Sox batting - Pitching for Bluefield Grays : RHP Salvador Santiago
|
|
Batting: RHB Francisco Batista
|
0-0: Ball 1-0: SINGLE (Groundball, 56D, EV 95.6 MPH)
|
|
Batting: RHB Reginald Dewar
|
0-0: Ball Passed Ball! Francisco Batista to second 1-0: Foul Ball, location: 2F 1-1: DOUBLE (Line Drive, 7LM, EV 100.6 MPH) Francisco Batista scores
|
|
Batting: RHB Joseph Tarver
|
0-0: Ball 1-0: Ball 2-0: Ball 3-0: Base on Balls
|
|
Batting: RHB Bill White
|
0-0: Ball 1-0: Foul Ball, location: 2F 1-1: Foul Ball, location: 2F 1-2: Ball 2-2: Grounds into double play, 5-4-3 (Groundball, 56, EV 103.8 MPH) Reginald Dewar to third
|
|
Batting: RHB Kenneth Bodle
|
0-0: Called Strike 0-1: Foul Ball, location: 2F 0-2: Ball 1-2: Strikes out swinging
|
| Top of the 9th over - 1 run, 2 hits, 0 errors, 1 left on base; Covington 11 - Bluefield 6 |
| BOTTOM OF THE 9TH |
|
Bluefield Grays batting - Pitching for Covington Blue Sox : RHP Leo Lopez
|
|
Batting: RHB Sam Haley
|
0-0: Ball 1-0: Foul Ball, location: 2F 1-1: Ground out U3 (Groundball, 3, EV 89.4 MPH)
|
|
Batting: RHB Charlie Hayes
|
0-0: Fly out, F8 (Line Drive, 8LD, EV 91.9 MPH)
|
|
Batting: RHB Richard Diaz
|
0-0: Ball 1-0: Called Strike 1-1: Swinging Strike 1-2: Foul Ball, location: 2F 1-2: Ball 2-2: Ball 3-2: Base on Balls
|
|
Batting: SHB Chris Maloney
|
0-0: Ball 1-0: Ball 2-0: Ground out 4-3 (Groundball, 4, EV 97.5 MPH)
|
| Bottom of the 9th over - 0 runs, 0 hits, 0 errors, 1 left on base; Covington 11 - Bluefield 6 |
|